 Dungeon Crawl Stone Soup version 0.19.0-24-gb05acd6 (webtiles) character file.

232 Nimsei the Slasher (level 5, -4/41 HPs)
             Began as a Demonspawn Gladiator on Nov 21, 2016.
             Was an Initiate of Ru.
             Slain by Crazy Yiuf
             ... wielding a +3 quarterstaff of chaos
              (16 damage)
             ... on level 3 of the Dungeon.
             The game lasted 00:08:44 (1322 turns).

Nimsei the Slasher (Demonspawn Gladiator)           Turns: 1322, Time: 00:08:45

Health: -4/41      AC:  4    Str: 16    XL:     5   Next: 73%
Magic:  5/5        EV: 13    Int: 10    God:    Ru [......]
Gold:   109        SH:  0    Dex: 13    Spells: 0 memorised, 4 levels left

rFire  . . .     SeeInvis .     p - +1 dagger (venom)
rCold  . . .     Gourm    .     b - +0 leather armour
rNeg   . . .     Faith    .     (no shield)
rPois  .         Spirit   .     (helmet restricted)
rElec  .         Reflect  .     (no cloak)
rCorr  .         Harm     .     (no gloves)
MR     .....                    g - +0 pair of boots
Stlth  +.........               (no amulet)
                                (no ring)
                                (no ring)

@: no status effects
A: antennae 1, talons 1, spiny 2
a: Renounce Religion


You were on level 3 of the Dungeon.
You worshipped Ru.
Ru was noncommittal.
You were not hungry.

You visited 1 branch of the dungeon, and saw 3 of its levels.

You collected 109 gold pieces.

Inventory:

Hand Weapons
 a - a +0 long sword
 p - a +1 dagger of venom (weapon)
Missiles
 d - 3 throwing nets (quivered)
Armour
 b - a +0 leather armour (worn)
 g - a +0 pair of boots (worn)
Scrolls
 i - a scroll of enchant armour
 j - a scroll of remove curse
 l - a scroll of identify
 r - a scroll of recharging {unknown}
Potions
 c - a potion of curing {unknown}
 e - a potion of lignification {unknown}
 h - 2 potions of degeneration
 k - 2 potions of ambrosia
 m - a potion of flight
Comestibles
 f - a bread ration
 o - 2 meat rations


   Skills:
 + Level 3.0 Fighting
 + Level 0.1(2.6) Short Blades
 + Level 4.4 Long Blades
 + Level 2.1 Throwing
 + Level 1.3 Armour
 + Level 3.6 Dodging
 + Level 0.2 Stealth


You had 4 spell levels left.
You didn't know any spells.

Dungeon Overview and Level Annotations

Branches:
Dungeon (3/15)

Altars:
Ru
Uskayaw

Annotations:
D:3 Blork the orc, Crazy Yiuf


Innate Abilities, Weirdness & Mutations

You have a pair of small antennae on your head.
You have sharp toenails.
You are mostly covered in sharp spines.


Message History

You open the door.
Crazy Yiuf the Enlightened comes into view.
He is wielding a quarterstaff of chaos.
Crazy Yiuf shouts!
Found a mace.
There is an open door here.
You completely miss Crazy Yiuf. Crazy Yiuf is struck by your spines.
Crazy Yiuf misses you.
You hit Crazy Yiuf.
Crazy Yiuf is moderately wounded.
You hit Crazy Yiuf but do no damage.
Crazy Yiuf is poisoned.
Crazy Yiuf is moderately wounded.
Crazy Yiuf cries, "You leg down broken song, no?"
Crazy Yiuf hits you with a quarterstaff of chaos!
Crazy Yiuf freezes you.
You closely miss Crazy Yiuf.
Crazy Yiuf is moderately wounded.
Crazy Yiuf hits you with a quarterstaff of chaos!
* * * LOW HITPOINT WARNING * * *
You are electrocuted!
You die...

.......#####.#........#####....)
.......).............(........#
...........####..............####
.......##### #########......#⌠⌠#
.......# #.....##§_#
.......##♣♣♣♣♣ #.....#§§.8
...........♣.♣♣♣ #### #.....##''#
............♣..♣#...# #.....##..#
##.......P.♣♣♣♣.@g..# ####..#....
###.....P♣♣ ♣♣#..)# #.......
#...##♣♣ #### ####....... #...#
#........<. ##### ####.......
#........ #.#####.. #.# ##. #.#
#.


You could see Crazy Yiuf.

Vanquished Creatures
  The ghost of Viceroy the Insei, an amateur DsTm (D:3)
  A scorpion (D:3)
  Robin (D:3)
  4 adders
  2 oozes
  A worm (D:2)
  2 dart slugs
  A bat (D:1)
  2 giant cockroaches (D:3)
  7 hobgoblins
  3 jackals (D:1)
  2 frilled lizards (D:1)
  14 goblins
  3 kobolds (D:3)
  2 rats
46 creatures vanquished.

Vanquished Creatures (others)
  4 toadstools (D:1)
4 creatures vanquished.

Grand Total: 50 creatures vanquished

Notes
Turn   | Place    | Note
-------+----------+-------------------------------------------
     0 | D:1      | Nimsei the Demonspawn Gladiator began the quest for the Orb.
     0 | D:1      | Reached XP level 1. HP: 16/16 MP: 1/1
   173 | D:1      | Gained mutation: You are partially covered in sharp spines. [demonic ancestry]
   173 | D:1      | Reached XP level 2. HP: 20/22 MP: 2/2
   315 | D:1      | Reached skill level 3 in Long Blades
   475 | D:2      | Gained mutation: You have sharp toenails. [demonic ancestry]
   475 | D:2      | Reached XP level 3. HP: 22/27 MP: 3/3
   717 | D:3      | Noticed Robin
   721 | D:3      | Gained mutation: You are mostly covered in sharp spines. [demonic ancestry]
   721 | D:3      | Reached XP level 4. HP: 27/34 MP: 4/4
   729 | D:3      | Killed Robin
   877 | D:3      | Reached skill level 1 in Armour
   960 | D:3      | Noticed Viceroy's ghost (amateur DsTm)
   979 | D:3      | Killed Viceroy's ghost
   979 | D:3      | Reached skill level 4 in Long Blades
   979 | D:3      | Gained mutation: You have a pair of small antennae on your head. [demonic ancestry]
   979 | D:3      | Reached XP level 5. HP: 22/40 MP: 5/5
  1022 | D:3      | Found a hide-covered altar of Uskayaw.
  1023 | D:3      | Found a sacrificial altar of Ru.
  1036 | D:3      | Became a worshipper of Ru the Awakened
  1273 | D:3      | Noticed Blork the orc
  1313 | D:3      | Found a runed door.
  1317 | D:3      | Noticed Crazy Yiuf
  1322 | D:3      | Slain by Crazy Yiuf

Skill      XL: |  1  2  3  4  5 |
---------------+----------------+-----
Dodging        | 3 |  3.6
Long Blades    | 3 4 |  4.4
Armour         | 1 |  1.3
Throwing       | 2 |  2.1
Fighting       | 3 |  3.0
Short Blades   | |  0.1
Stealth        | |  0.2

Action                   |  1- 3 |  4- 6 || total
-------------------------+-------+-------++-------
Melee: Long sword        |    53 |     8 ||    61
       Kick              |     3 |    10 ||    13
       Dagger            |       |    36 ||    36
Throw: Throwing net      |       |     2 ||     2
  Use: Scroll            |       |     7 ||     7
  Eat: Chunk             |       |     1 ||     1
Armor: Leather armour    |    12 |     8 ||    20
Dodge: Dodged            |    34 |    22 ||    56
       Rpst.: Long sword |    10 |     2 ||    12
